Map: Romanticide LE

Players

Rogue - Winner!

  • Race: Zerg Zerg
  • Spawn Location: 11:00

Scarlett

  • Race: Zerg Zerg
  • Spawn Location: 5:00

Event: StayAtHome Story Cup #3

VOD

Have the link to the VOD?

Description

Time

  • Played on: March 11, 2021, 8:09 a.m.
  • Length: 7:10

All games in this series

Show
View Real Time Build Order
Export as new Build Order

Rogue Zerg - Winner!

Build Orders: Hatch First 

Get SALT Encoding   

  12  0:00  Drone  
  13  0:12  Overlord  
  13  0:17  Drone  
  14  0:31  Drone x2  
  16  0:48  Hatchery  
  15  0:50  Drone  
  15  0:54  Drone  
  17  0:57  Drone  
  18  1:08  Extractor  
  17  1:12  Spawning Pool  
  17  1:15  Drone  
  17  1:18  Drone  
  18  1:28  Drone  
  19  1:40  Drone  
  20  1:50  Drone  
  21  1:59  Queen  
  21  2:00  Drone, Queen  
  21  2:01  Overlord  
  26  2:11  Drone x2  
  26  2:12  Metabolic Boost  
  28  2:22  Drone x2  
  30  2:33  Hatchery, Drone  
  30  2:36  Drone  
  31  2:42  Queen  
  33  2:46  Drone  
  33  2:50  Baneling Nest  
  33  2:53  Overlord  
  33  2:56  Zergling x2  
  34  2:59  Zergling x2  
  34  3:04  Drone  
  36  3:12  Drone x4  
  40  3:13  Drone x2  
  40  3:18  Overlord  
  42  3:22  Drone  
  42  3:23  Drone  
  44  3:32  Evolution Chamber  
  43  3:34  Drone  
  43  3:40  Drone, Lair  
  43  3:41  Drone x3  
  48  3:43  Extractor  
  48  3:46  Zergling x2  
  48  3:47  Zergling x4  
  50  3:50  Extractor  
  50  3:51  Extractor  
  49  3:55  Drone  
  49  3:56  Drone x3  
  49  3:57  Overlord  
  49  4:02  Zergling x2  
  53  4:03  Baneling  
  53  4:11  Zergling x6  
  53  4:14  Baneling  
  53  4:15  Overlord  
  56  4:17  Zergling x6  
  56  4:19  Zergling x6  
  63  4:24  Zergling x4  
  63  4:27  Zergling x4  
  63  4:30  Baneling x2  
  66  4:33  Zergling x4  
  66  4:36  Baneling  
  66  4:37  Baneling  
  67  4:44  Spire  
  67  4:45  Zergling x4  
  65  4:56  Zergling x2  
  65  4:57  Zergling x10  
  65  4:58  Drone  
  67  5:10  Zergling x10  
  67  5:11  Zergling x2  
  71  5:15  Zergling x2  
  71  5:17  Baneling  
  71  5:18  Baneling  
  65  5:21  Zergling x6  
  65  5:22  Zergling x4  
  70  5:29  Zergling x6  
  67  5:38  Drone x3  
  67  5:42  Overlord  
  68  5:43  Overlord  
  68  6:03  Mutalisk x6  
  79  6:05  Mutalisk  
  79  6:08  Mutalisk  
  83  6:11  Mutalisk  
  83  6:15  Mutalisk  
  87  6:20  Mutalisk  
  87  6:24  Overlord x2  
  89  6:29  Extractor  
  89  6:30  Extractor, Mutalisk  
  89  6:37  Drone  
  89  6:39  Overlord  
  90  6:40  Overlord  
  90  6:46  Drone x3  
  90  6:47  Drone  
  94  6:55  Drone  
Show
View Real Time Build Order
Export as new Build Order

Scarlett Zerg 

Build Orders: Hatch First 

Get SALT Encoding   

  12  0:00  Drone  
  13  0:12  Overlord  
  13  0:17  Drone  
  14  0:30  Drone x2  
  16  0:48  Hatchery  
  15  0:50  Drone  
  15  0:53  Drone  
  17  0:57  Drone  
  18  1:08  Extractor  
  17  1:12  Spawning Pool  
  17  1:16  Drone  
  17  1:19  Drone  
  18  1:27  Drone  
  19  1:38  Drone  
  20  1:49  Drone  
  21  2:00  Drone, Queen x2  
  21  2:01  Overlord  
  26  2:09  Metabolic Boost  
  26  2:11  Drone  
  26  2:12  Drone  
  28  2:21  Drone x2  
  30  2:32  Hatchery  
  30  2:34  Drone  
  30  2:36  Drone  
  31  2:43  Queen  
  33  2:48  Overlord  
  33  2:53  Zergling x2  
  33  2:58  Drone x2  
  36  3:08  Drone x2  
  36  3:09  Drone x4  
  42  3:17  Evolution Chamber  
  42  3:18  Overlord  
  41  3:20  Zergling x4  
  41  3:26  Lair  
  43  3:31  Overlord  
  43  3:32  Drone  
  44  3:42  Extractor, Drone x5  
  44  3:45  Zerg Melee Weapons Level 1  
  48  3:52  Drone  
  48  3:53  Drone x3  
  52  3:58  Baneling Nest  
  51  4:03  Drone x3, Overlord  
  54  4:10  Extractor  
  54  4:13  Drone x5  
  58  4:20  Extractor  
  58  4:22  Zergling x8  
  61  4:29  Zergling x8  
  65  4:34  Spine Crawler, Queen  
  66  4:41  Baneling x2  
  66  4:44  Spire  
  66  4:45  Zergling x6  
  65  4:53  Zergling x12  
  65  4:56  Baneling x2  
  65  4:58  Zergling x2  
  65  4:59  Zergling x6  
  67  5:03  Zergling x4  
  65  5:07  Zergling x2  
  61  5:14  Zergling x10  
  61  5:17  Spire  
  61  5:20  Queen  
  63  5:24  Baneling x2  
  62  5:30  Drone x4  
  66  5:40  Drone x3  
  66  5:42  Baneling x2  
  68  5:48  Drone x4  
  72  5:52  Drone  
  72  5:53  Overlord  
  72  5:55  Extractor  
  72  5:57  Extractor  
  72  5:58  Drone x2  
  73  6:12  Drone, Overlord  
  73  6:13  Drone x3  
  77  6:19  Drone x4  
  77  6:23  Overlord x2  
  81  6:33  Mutalisk x3  
  81  6:39  Mutalisk  
  87  6:42  Mutalisk  
  87  6:43  Spore Crawler  
  87  6:45  Mutalisk x2  
Tags
 
Add a new tag
Caveats
  • Supply blocks, unpowered buildings, or Contaminate may cause inaccurate times.
  • Supply counts are checked every 10 seconds.